 Dungeon Sprint DCSS version 0.23-a0-890-gc183402 (webtiles) character file.

Game seed: 8803524845396485741

232 galech the Covered (level 5, 0/47 HPs)
             Began as a Demonspawn Fighter on Jan 28, 2019.
             Was an Initiate of Okawaru.
             Slain by an iguana (1 damage)
             ... in the Dungeon (Sprint IX: "|||||||||||||||||||||||||||||").
             The game lasted 00:01:26 (280 turns).

galech the Covered (Demonspawn Fighter)              Turns: 280, Time: 00:01:27

Health: 0/47       AC: 13    Str: 16    XL:     5   Next: 73%
Magic:  5/5        EV:  9    Int: 10    God:    Okawaru [......]
Gold:   0          SH: 10    Dex: 13    Spells: 4/4 levels left

rFire    . . .     SeeInvis .   q - +1 broad axe (freeze)
rCold    . . .     Gourm    .   c - +0 shield
rNeg     . . .     Faith    .   u - +1 chain mail
rPois    .         Spirit   .   (no helmet)
rElec    .         Reflect  .   s - +0 cloak
rCorr    .         Harm     .   (no gloves)
MR       .....     NoTele   +   t - +0 pair of boots
Stlth    ..........             (no amulet)
HPRegen  0.15/turn              v - +2 ring of evasion
MPRegen  0.09/turn              w - +2 ring of evasion

@: lethally poisoned (0 -> -3), berserk cooldown, slowed, very slow
A: claws 1, nightstalker 2, powered by pain 1
a: Renounce Religion


You were in the Dungeon.
You worshipped Okawaru.
Okawaru was noncommittal.
You were not hungry.

You visited 1 branch

Inventory:

Hand Weapons
 a - a +0 war axe
 q - a +1 broad axe of freezing (weapon)
 r - a +2 scimitar of flaming
Armour
 c - a +0 shield (worn)
 s - a +0 cloak (worn)
 t - a +0 pair of boots (worn)
 u - a +1 chain mail (worn)
Jewellery
 v - a +2 ring of evasion (left claw)
 w - a +2 ring of evasion (right claw)
Wands
 p - a wand of iceblast (10)
Scrolls
 k - 2 scrolls of blinking
 n - 3 scrolls of remove curse
 o - 2 scrolls of amnesia
Potions
 d - a potion of might
 e - 5 potions of curing
 g - 3 potions of heal wounds
 h - a potion of haste
 i - 4 potions of magic
 m - a potion of invisibility
Comestibles
 f - a ration


   Skills:
 + Level 6.3 Fighting
 + Level 5.6 Axes
 + Level 6.4 Armour
 + Level 1.0 Dodging
 + Level 0.3 Stealth
 + Level 5.8 Shields


You had 4 spell levels left.
You didn't know any spells.
Your spell library was empty.

Dungeon Overview and Level Annotations

Branches:
Dungeon (1/1)

Altars:
Cheibriados
Dithmenos
Elyvilon
Fedhas
Gozag
Hepliaklqana
Kikubaaqudgha
Makhleb
Nemelex Xobeh
Okawaru
Qazlal
Ru
Sif Muna
Trog
Uskayaw
Vehumet
Wu Jian
Xom
Yredelemnul
Zin
The Shining One
Beogh
Jiyva
Lugonu


Innate Abilities, Weirdness & Mutations

You have sharp fingernails.
You are significantly more attuned to the shadows.
You sometimes gain a little power by taking damage.


Message History

You feel yourself slow down. The iguana closely misses you.
There is an open door to the Dungeon, spattered with blood here.
Items here: †††† a jackal corpse; a bullfrog corpse; a sky beast corpse; a killer bee corpse You hit the iguana but do no damage.
You feel sick.
The iguana bites you but does no damage.
The iguana barely misses you.
You hit the iguana. You freeze the iguana.
The iguana is heavily wounded.
You feel sick.
The iguana bites you but does no damage.
The iguana bites you.
* * * LOW HITPOINT WARNING * * *
You closely miss the iguana.
The iguana is heavily wounded.
* * * LOW HITPOINT WARNING * * *
You feel sick.
The iguana bites you but does no damage.
The iguana bites you.
You die...

▓.▓
▓.▓
▓.▓
▓.▓
▓l▓
▓@▓
▓[▓
▓.▓
▓.▓
▓.▓
▓.▓
▓)▓
▓|▓
▓.▓


You could see an iguana.

Vanquished Creatures
  A sky beast (D)
  A bullfrog (D)
  A killer bee (D)
  An adder (D)
  2 shadow imps (D)
  An adder zombie (D)
  A dart slug (D)
  A bat (D)
  A giant cockroach (D)
  A goblin (D)
  2 jackals (D)
  A ball python (D)
  A frilled lizard (D)
15 creatures vanquished.

Notes
Turn   | Place    | Note
-------+----------+-------------------------------------------
     0 | D        | galech the Demonspawn Fighter began the quest for the Orb.
     0 | D        | Reached XP level 1. HP: 18/18 MP: 1/1
    32 | D        | Gained mutation: You are slightly more attuned to the
                  | shadows. [demonic ancestry]
    32 | D        | Reached XP level 2. HP: 14/25 MP: 2/2
    47 | D        | Gained mutation: You are significantly more attuned to the
                  | shadows. [demonic ancestry]
    47 | D        | Reached XP level 3. HP: 9/30 MP: 3/3
    69 | D        | Found a roughly hewn altar of Beogh.
    69 | D        | Found a snail-covered altar of Cheibriados.
    69 | D        | Found a shadowy altar of Dithmenos.
    69 | D        | Found a white marble altar of Elyvilon.
    70 | D        | Found a blossoming altar of Fedhas.
    71 | D        | Found an opulent altar of Gozag.
    72 | D        | Found a hazy altar of Hepliaklqana.
    73 | D        | Found a viscous altar of Jiyva.
    74 | D        | Found an ancient bone altar of Kikubaaqudgha.
    75 | D        | Found a corrupted altar of Lugonu.
    76 | D        | Found a burning altar of Makhleb.
    77 | D        | Found a sparkling altar of Nemelex Xobeh.
    78 | D        | Found an iron altar of Okawaru.
    79 | D        | Found a stormy altar of Qazlal.
    80 | D        | Found a sacrificial altar of Ru.
    81 | D        | Found a deep blue altar of Sif Muna.
    82 | D        | Found a bloodstained altar of Trog.
    83 | D        | Found a hide-covered altar of Uskayaw.
    84 | D        | Became a worshipper of Warmaster Okawaru
    85 | D        | Found a radiant altar of Vehumet.
    86 | D        | Found an ornate altar of the Wu Jian Council.
    87 | D        | Found a shimmering altar of Xom.
    88 | D        | Found a basalt altar of Yredelemnul.
    89 | D        | Found a glowing silver altar of Zin.
    90 | D        | Found a glowing golden altar of the Shining One.
   256 | D        | Noticed a bullfrog
   256 | D        | Noticed a sky beast
   256 | D        | Noticed a killer bee
   268 | D        | Killed a killer bee
   268 | D        | Reached skill level 5 in Fighting
   268 | D        | Reached skill level 5 in Armour
   268 | D        | Gained mutation: You sometimes gain a little power by
                  | taking damage. [demonic ancestry]
   268 | D        | Reached XP level 4. HP: 19/39 MP: 4/4
   272 | D        | Killed a sky beast
   272 | D        | Reached skill level 5 in Shields
   272 | D        | Gained mutation: You have sharp fingernails. [demonic
                  | ancestry]
   272 | D        | Reached XP level 5. HP: 11/46 MP: 5/5
   274 | D        | Reached skill level 5 in Axes
   274 | D        | Reached skill level 1 in Dodging
   279 | D        | HP: 2/47 [iguana (3)]
   280 | D        | Slain by an iguana

Vault maps used:
D:        linesprint

Skill      XL: |  1  2  3  4  5 |
---------------+----------------+-----
Armour         | 3 4 5 6 |  6.4
Shields        | 3 4 5 |  5.8
Axes           | 2 3 4 5 |  5.6
Fighting       | 4 5 6 |  6.3
Dodging        | 1 |  1.0
Stealth        | |  0.3

Action                   |  1- 3 |  4- 6 || total
-------------------------+-------+-------++-------
Melee: War axe           |    34 |       ||    34
       Broad axe         |    11 |    11 ||    22
  Use: Potion            |     1 |       ||     1
Armor: Scale mail        |    15 |       ||    15
       Chain mail        |     8 |     4 ||    12
Dodge: Dodged            |    16 |     3 ||    19
Block: Shield            |    20 |     1 ||    21

Table legend:
 A = Non-vault XP
 B = Vault XP
 C = Vault XP percentage of total XP
 D = Non-vault monster count
 E = Vault monster count
 F = Vault count percentage of total count
                 A         B        C        D         E       F
            +---------+---------+-------+---------+---------+-------
      Total |       0 |     332 | 100.0 |       0 |      15 | 100.0
            +---------+---------+-------+---------+---------+-------
          D |       0 |     332 | 100.0 |       0 |      15 | 100.0
            +---------+---------+-------+---------+---------+-------
